| TOP OF THE 1ST |
|
Washington State University Cougars batting - Pitching for Pennsylvania State University Nittany Lions : RHP Andres Lozano
|
|
Pitching: RHP Andres Lozano
|
|
|
Batting: RHB Jesse Scott
|
0-0: Ball 1-0: Foul Ball, location: 2F 1-1: Ball 2-1: DOUBLE (Line Drive, 78D, EV 106.9 MPH)
|
|
Batting: RHB Tomio Ogawa
|
0-0: Swinging Strike 0-1: Foul Ball, location: 2F 0-2: Strikes out swinging
|
|
Batting: SHB Ben Myers
|
0-0: Foul Ball, location: 2F 0-1: Ball 1-1: Foul Ball, location: 2F 1-2: Ball 2-2: Foul Ball, location: 2F 2-2: Foul Ball, location: 2F 2-2: Ball Wild Pitch! Jesse Scott to third 3-2: DOUBLE (Line Drive, 9LD, EV 111.3 MPH) Jesse Scott scores
|
|
Batting: LHB Zach Rose
|
0-0: Called Strike 0-1: Ball 1-1: Ball 2-1: Foul Ball, location: 2F 2-2: Foul Ball, location: 2F 2-2: Ground out U3 (Groundball, 3, EV 83.8 MPH) Ben Myers to third
|
|
Batting: LHB Gabe Velez
|
0-0: Swinging Strike 0-1: Swinging Strike 0-2: Ball 1-2: Foul Ball, location: 2F 1-2: Strikes out looking
|
| Top of the 1st over - 1 run, 2 hits, 0 errors, 1 left on base; Washington State University 1 - Pennsylvania State University 0 |
| BOTTOM OF THE 1ST |
|
Pennsylvania State University Nittany Lions batting - Pitching for Washington State University Cougars : RHP Ryan Masterson
|
|
Pitching: RHP Ryan Masterson
|
|
|
Batting: RHB Bobby Dunn
|
0-0: Called Strike 0-1: Ball 1-1: Foul Ball, location: 2F 1-2: Ball 2-2: Ball 3-2: Foul Ball, location: 2F 3-2: Foul Ball, location: 2F 3-2: SINGLE (Groundball, 6MD, EV 97.5 MPH)
|
|
Batting: LHB Jose Duran
|
0-0: Called Strike 0-1: Ball 1-1: Ball 2-1: Fly out, F9 (Flyball, 89S, EV 83.1 MPH)
|
|
Batting: RHB Jordan Hall
|
0-0: Called Strike 0-1: Ball 1-1: Ball 2-1: Ball 3-1: Base on Balls Bobby Dunn to second
|
|
Batting: RHB Matthew Adams
|
0-0: Swinging Strike 0-1: Fly out, F4 (Popup, 34D, EV 66.3 MPH)
|
|
Batting: LHB Bob Fair
|
0-0: Ball 1-0: Foul Ball, location: 2F 1-1: Foul Ball, location: 2F 1-2: Ball 2-2: SINGLE (Line Drive, 89S, EV 88.1 MPH) Bobby Dunn to third Jordan Hall to second Runner from 3rd tries for Home, SAFE, throw by RF to home
|
|
Batting: RHB Allen Gravel
|
0-0: Ball 1-0: Ball 2-0: Swinging Strike 2-1: DOUBLE (Line Drive, 7LM, EV 105.0 MPH) Jordan Hall scores Bob Fair to third
|
|
Batting: RHB Fernando Rodriguez
|
0-0: Ball 1-0: Ground out 4-3 (Groundball, 4, EV 96.9 MPH)
|
| Bottom of the 1st over - 2 runs, 3 hits, 0 errors, 2 left on base; Washington State University 1 - Pennsylvania State University 2 |
| TOP OF THE 2ND |
|
Washington State University Cougars batting - Pitching for Pennsylvania State University Nittany Lions : RHP Andres Lozano
|
|
Batting: RHB Sean Fulton
|
0-0: Ball 1-0: Foul Ball, location: 2F 1-1: SINGLE (Line Drive, 8LS, EV 109.4 MPH)
|
|
Batting: RHB Danny Ayala
|
0-0: Ball 1-0: Ball 2-0: Called Strike 2-1: Ball 3-1: Fly out, F9 (Flyball, 9D, EV 98.1 MPH) Runner from 1st tags up, SAFE at 2nd
|
|
Batting: SHB Detlef Oursler
|
0-0: Called Strike 0-1: Foul Ball, location: 2F 0-2: Ball 1-2: Ground out 4-3 (Groundball, 4, EV 80.6 MPH) Sean Fulton to third
|
|
Pitching: RHP Alex Bosworth
|
|
|
Batting: LHB Ryan Masterson
|
0-0: Ball 1-0: Ball 2-0: SINGLE (Groundball, 4MD, EV 98.8 MPH) Sean Fulton scores
|
|
Batting: RHB Jesse Scott
|
0-0: Ball 1-0: Ball 2-0: SINGLE (Line Drive, 4MD, EV 95.0 MPH) Ryan Masterson to second Runner from 2nd tries for 3rd, SAFE, throw by CF made to third
|
|
Batting: RHB Tomio Ogawa
|
0-0: Ball 1-0: Ball 2-0: Called Strike 2-1: Foul Ball, location: 2F 2-2: Foul Ball, location: 2F 2-2: Ball 3-2: Strikes out swinging
|
| Top of the 2nd over - 1 run, 3 hits, 0 errors, 2 left on base; Washington State University 2 - Pennsylvania State University 2 |
| BOTTOM OF THE 2ND |
|
Pennsylvania State University Nittany Lions batting - Pitching for Washington State University Cougars : RHP Ryan Masterson
|
|
Batting: SHB Danny Jensen
|
0-0: Ball 1-0: Fly out, F9 (Line Drive, 9D, EV 96.3 MPH)
|
|
Batting: RHB Alex Bosworth
|
0-0: Ball 1-0: Ball 2-0: Ball 3-0: Swinging Strike 3-1: Base on Balls
|
|
Batting: RHB Bobby Dunn
|
0-0: Ball 1-0: Ball 2-0: Called Strike 2-1: Swinging Strike 2-2: Ball 3-2: Foul Ball, location: 2F 3-2: Strikes out looking
|
|
Batting: LHB Jose Duran
|
0-0: Ground out 4-3 (Groundball, 4S, EV 86.3 MPH)
|
| Bottom of the 2nd over - 0 runs, 0 hits, 0 errors, 1 left on base; Washington State University 2 - Pennsylvania State University 2 |
| TOP OF THE 3RD |
|
Washington State University Cougars batting - Pitching for Pennsylvania State University Nittany Lions : RHP Alex Bosworth
|
|
Batting: SHB Ben Myers
|
0-0: Ball 1-0: Ball 2-0: Fly out, F7 (Flyball, 7, EV 90.6 MPH)
|
|
Batting: LHB Zach Rose
|
0-0: Ball 1-0: Ball 2-0: Ball 3-0: Called Strike 3-1: SINGLE (Flyball, 78S, EV 95.0 MPH)
|
|
Batting: LHB Gabe Velez
|
0-0: Ball 1-0: Foul Ball, location: 2F 1-1: Ball 2-1: Called Strike 2-2: Ball 3-2: Base on Balls Zach Rose to second
|
|
Batting: RHB Sean Fulton
|
0-0: Called Strike 0-1: Ball 1-1: Fly out, F8 (Flyball, 78D, EV 104.4 MPH)
|
|
Batting: RHB Danny Ayala
|
0-0: Ball 1-0: Swinging Strike 1-1: Ball 2-1: Foul Ball, location: 2F 2-2: Foul Ball, location: 2F 2-2: Ball 3-2: Foul Ball, location: 2F 3-2: Base on Balls Zach Rose to third Gabe Velez to second
|
|
Batting: SHB Detlef Oursler
|
0-0: Called Strike 0-1: Ball 1-1: Swinging Strike 1-2: SINGLE (Line Drive, 78S, EV 97.5 MPH) Zach Rose scores Gabe Velez to third Danny Ayala to second Runner from 3rd tries for Home, SAFE, throw by LF to home
|
|
Batting: LHB Ryan Masterson
|
0-0: Called Strike 0-1: Foul Ball, location: 2F 0-2: Ball 1-2: Ball 2-2: Fly out, F7 (Line Drive, 7, EV 91.3 MPH)
|
| Top of the 3rd over - 2 runs, 2 hits, 0 errors, 2 left on base; Washington State University 4 - Pennsylvania State University 2 |
| BOTTOM OF THE 3RD |
|
Pennsylvania State University Nittany Lions batting - Pitching for Washington State University Cougars : RHP Ryan Masterson
|
|
Batting: RHB Jordan Hall
|
0-0: Called Strike 0-1: Foul Ball, location: 2F 0-2: Ball 1-2: Foul Ball, location: 2F 1-2: Foul Ball, location: 2F 1-2: Ball 2-2: Ball 3-2: SINGLE (Line Drive, 34D, EV 95.6 MPH)
|
|
Batting: RHB Matthew Adams
|
0-0: Ball 1-0: Foul Ball, location: 2F 1-1: Called Strike 1-2: Foul Ball, location: 2F 1-2: Grounds into double play, 6-4-3 (Groundball, 6, EV 86.3 MPH)
|
|
Batting: LHB Bob Fair
|
0-0: Ball 1-0: Called Strike 1-1: Foul Ball, location: 2F 1-2: Fly out, F7 (Line Drive, 7, EV 91.9 MPH)
|
| Bottom of the 3rd over - 0 runs, 1 hit, 0 errors, 0 left on base; Washington State University 4 - Pennsylvania State University 2 |
| TOP OF THE 4TH |
|
Washington State University Cougars batting - Pitching for Pennsylvania State University Nittany Lions : RHP Alex Bosworth
|
|
Batting: RHB Jesse Scott
|
0-0: Called Strike 0-1: Foul Ball, location: 2F 0-2: Ball 1-2: Ball 2-2: Foul Ball, location: 2F 2-2: Ball 3-2: Fly out, F5 (Flyball, 56D, EV 81.3 MPH)
|
|
Pitching: RHP Jesus Ramos
|
|
|
Batting: RHB Tomio Ogawa
|
0-0: Ball 1-0: Swinging Strike 1-1: Called Strike 1-2: Foul Ball, location: 2F 1-2: Strikes out looking
|
|
Batting: SHB Ben Myers
|
0-0: Ball 1-0: Called Strike 1-1: Ball 2-1: Foul Ball, location: 2F 2-2: Ball 3-2: Foul Ball, location: 2F 3-2: Fly out, F8 (Flyball, 8LD, EV 99.4 MPH)
|
| Top of the 4th over - 0 runs, 0 hits, 0 errors, 0 left on base; Washington State University 4 - Pennsylvania State University 2 |
| BOTTOM OF THE 4TH |
|
Pennsylvania State University Nittany Lions batting - Pitching for Washington State University Cougars : RHP Ryan Masterson
|
|
Batting: RHB Allen Gravel
|
0-0: Ground out 6-3 (Groundball, 56, EV 81.9 MPH)
|
|
Batting: RHB Fernando Rodriguez
|
0-0: Ball 1-0: Called Strike 1-1: Fly out, F7 (Flyball, 78S, EV 84.4 MPH)
|
|
Batting: SHB Danny Jensen
|
0-0: Ball 1-0: Swinging Strike 1-1: Ground out 5-3 (Groundball, 5S, EV 88.1 MPH)
|
| Bottom of the 4th over - 0 runs, 0 hits, 0 errors, 0 left on base; Washington State University 4 - Pennsylvania State University 2 |
| TOP OF THE 5TH |
|
Washington State University Cougars batting - Pitching for Pennsylvania State University Nittany Lions : RHP Jesus Ramos
|
|
Batting: LHB Zach Rose
|
0-0: Ball 1-0: Ball 2-0: Ground out U3 (Groundball, 34S, EV 87.5 MPH)
|
|
Batting: LHB Gabe Velez
|
0-0: Foul Ball, location: 2F 0-1: Ball 1-1: Called Strike 1-2: Strikes out swinging
|
|
Batting: RHB Sean Fulton
|
0-0: Called Strike 0-1: Ball 1-1: Ball 2-1: Foul Ball, location: 2F 2-2: Strikes out swinging
|
| Top of the 5th over - 0 runs, 0 hits, 0 errors, 0 left on base; Washington State University 4 - Pennsylvania State University 2 |
| BOTTOM OF THE 5TH |
|
Pennsylvania State University Nittany Lions batting - Pitching for Washington State University Cougars : RHP Ryan Masterson
|
|
Batting: SHB Jesus Ramos
|
0-0: Swinging Strike 0-1: Foul Ball, location: 2F 0-2: Foul Ball, location: 2F 0-2: Strikes out swinging
|
|
Batting: RHB Bobby Dunn
|
0-0: Ball 1-0: Swinging Strike 1-1: Called Strike 1-2: Fly out, F8 (Flyball, 8RD, EV 89.4 MPH)
|
|
Batting: LHB Jose Duran
|
0-0: Ground out 6-3 (Groundball, 6, EV 81.3 MPH)
|
| Bottom of the 5th over - 0 runs, 0 hits, 0 errors, 0 left on base; Washington State University 4 - Pennsylvania State University 2 |
| TOP OF THE 6TH |
|
Washington State University Cougars batting - Pitching for Pennsylvania State University Nittany Lions : RHP Jesus Ramos
|
|
Batting: RHB Danny Ayala
|
0-0: Ball 1-0: Swinging Strike 1-1: Foul Ball, location: 2F 1-2: Ground out 3-1 (Groundball, 34S, EV 60.6 MPH)
|
|
Batting: SHB Detlef Oursler
|
0-0: SINGLE (Groundball, 23, EV 86.3 MPH) (infield hit)
|
|
Pinch Hitting: RHB Jake Feinstein
|
0-0: Ball 1-0: Called Strike 1-1: Ball 2-1: Foul Ball, location: 2F 2-2: Ball Detlef Oursler steals 2nd base (no throw) 3-2: Foul Ball, location: 2F 3-2: Strikes out swinging, 2-3 out at first.
|
|
Pitching: RHP Stephen Barry
|
|
|
Batting: RHB Jesse Scott
|
0-0: Ball 1-0: Called Strike 1-1: Ball 2-1: Foul Ball, location: 2F 2-2: SINGLE (Line Drive, 7S, EV 93.1 MPH) Detlef Oursler to third Runner from 3rd tries for Home, SAFE, throw by LF to home
|
|
Batting: RHB Tomio Ogawa
|
0-0: Called Strike 0-1: Ball 1-1: Ball 2-1: Called Strike 2-2: Ball 3-2: SINGLE (Flyball, 4D, EV 97.5 MPH) Jesse Scott to second Jesse Scott to third
|
|
Batting: SHB Ben Myers
|
0-0: Called Strike 0-1: Called Strike 0-2: Ball 1-2: Ball 2-2: Ball Wild Pitch! Jesse Scott scores Tomio Ogawa to second 3-2: Ground out 6-3 (Groundball, 6M, EV 86.3 MPH)
|
| Top of the 6th over - 2 runs, 3 hits, 0 errors, 1 left on base; Washington State University 6 - Pennsylvania State University 2 |
| BOTTOM OF THE 6TH |
|
Pennsylvania State University Nittany Lions batting - Pitching for Washington State University Cougars : RHP Ryan Masterson
|
|
Pitching: RHP Jimmy Williams
|
|
|
Batting: RHB Jordan Hall
|
0-0: Ball 1-0: Called Strike 1-1: Fly out, F7 (Flyball, 7LS, EV 73.8 MPH)
|
|
Batting: RHB Matthew Adams
|
0-0: Ball 1-0: Foul Ball, location: 2F 1-1: Foul Ball, location: 2F 1-2: Fly out, F9 (Flyball, 9S, EV 82.5 MPH)
|
|
Batting: LHB Bob Fair
|
0-0: Called Strike 0-1: Ground out 6-3 (Groundball, 6, EV 82.5 MPH)
|
| Bottom of the 6th over - 0 runs, 0 hits, 0 errors, 0 left on base; Washington State University 6 - Pennsylvania State University 2 |
| TOP OF THE 7TH |
|
Washington State University Cougars batting - Pitching for Pennsylvania State University Nittany Lions : RHP Stephen Barry
|
|
Batting: LHB Zach Rose
|
0-0: Called Strike 0-1: Ball 1-1: SINGLE (Flyball, 78S, EV 91.3 MPH)
|
|
Batting: LHB Gabe Velez
|
0-0: Called Strike 0-1: Fly out, F9 (Flyball, 89M, EV 91.3 MPH)
|
|
Batting: RHB Sean Fulton
|
0-0: Foul Ball, location: 2F 0-1: Called Strike 0-2: Strikes out swinging
|
|
Batting: RHB Danny Ayala
|
0-0: Ball 1-0: Foul Ball, location: 2F 1-1: SINGLE (Line Drive, 9S, EV 98.1 MPH) Zach Rose to second
|
|
Batting: SHB Detlef Oursler
|
0-0: Called Strike 0-1: Ball 1-1: Fly out, F8 (Flyball, 8LD, EV 105.6 MPH)
|
| Top of the 7th over - 0 runs, 2 hits, 0 errors, 2 left on base; Washington State University 6 - Pennsylvania State University 2 |
| BOTTOM OF THE 7TH |
|
Pennsylvania State University Nittany Lions batting - Pitching for Washington State University Cougars : RHP Jimmy Williams
|
|
Batting: RHB Allen Gravel
|
0-0: Called Strike 0-1: Called Strike 0-2: Ball 1-2: Strikes out swinging
|
|
Batting: RHB Fernando Rodriguez
|
0-0: Called Strike 0-1: Ball 1-1: Swinging Strike 1-2: Strikes out swinging
|
|
Batting: SHB Danny Jensen
|
0-0: Ground out U3 (Groundball, 34S, EV 69.4 MPH)
|
| Bottom of the 7th over - 0 runs, 0 hits, 0 errors, 0 left on base; Washington State University 6 - Pennsylvania State University 2 |
| TOP OF THE 8TH |
|
Washington State University Cougars batting - Pitching for Pennsylvania State University Nittany Lions : RHP Stephen Barry
|
|
Pitching: LHP Brian Kelly
|
|
|
Pinch Hitting: LHB Ryan Coleman
|
0-0: Ball 1-0: Called Strike 1-1: Ball 2-1: Swinging Strike 2-2: Foul Ball, location: 2F 2-2: Strikes out looking
|
|
Batting: RHB Jesse Scott
|
0-0: Swinging Strike 0-1: Ball 1-1: Ball 2-1: Ball 3-1: Foul Ball, location: 2F 3-2: DOUBLE (Flyball, 8LD, EV 106.3 MPH)
|
|
Batting: RHB Tomio Ogawa
|
0-0: Ball 1-0: Foul Ball, location: 2F 1-1: Swinging Strike 1-2: Strikes out swinging
|
|
Batting: SHB Ben Myers
|
0-0: Swinging Strike 0-1: Foul Ball, location: 2F 0-2: Ball 1-2: Ground out 5-3 (Groundball, 56S, EV 83.8 MPH)
|
| Top of the 8th over - 0 runs, 1 hit, 0 errors, 1 left on base; Washington State University 6 - Pennsylvania State University 2 |
| BOTTOM OF THE 8TH |
|
Pennsylvania State University Nittany Lions batting - Pitching for Washington State University Cougars : RHP Jimmy Williams
|
|
Pitching: RHP Jose Marrero
|
|
|
Pinch Hitting: RHB Jeremy Witt
|
0-0: Fly out, F7 (Flyball, 7, EV 89.4 MPH)
|
|
Batting: RHB Bobby Dunn
|
0-0: Called Strike 0-1: Called Strike 0-2: Ball 1-2: Strikes out swinging
|
|
Batting: LHB Jose Duran
|
0-0: Foul Ball, location: 2F 0-1: Ball 1-1: Ball 2-1: SINGLE (Groundball, 5L, EV 87.5 MPH) (infield hit)
|
|
Batting: RHB Jordan Hall
|
0-0: Foul Ball, location: 2F 0-1: Ball 1-1: Foul Ball, location: 2F 1-2: Ball 2-2: Foul Ball, location: 2F 2-2: Ball 3-2: Foul Ball, location: 2F 3-2: Fly out, F8 (Flyball, 8LM, EV 85.0 MPH)
|
| Bottom of the 8th over - 0 runs, 1 hit, 0 errors, 1 left on base; Washington State University 6 - Pennsylvania State University 2 |
| TOP OF THE 9TH |
|
Washington State University Cougars batting - Pitching for Pennsylvania State University Nittany Lions : LHP Brian Kelly
|
|
Pitching: RHP Guus van Cuijk
|
|
|
Batting: LHB Zach Rose
|
0-0: Called Strike 0-1: Ball 1-1: Swinging Strike 1-2: Strikes out swinging
|
|
Batting: LHB Gabe Velez
|
0-0: Ball 1-0: Ball 2-0: Foul Ball, location: 2F 2-1: Fly out, F9 (Flyball, 9LM, EV 91.9 MPH)
|
|
Batting: RHB Sean Fulton
|
0-0: Swinging Strike 0-1: Ball 1-1: Ground out 5-3 (Groundball, 5, EV 108.8 MPH)
|
| Top of the 9th over - 0 runs, 0 hits, 0 errors, 0 left on base; Washington State University 6 - Pennsylvania State University 2 |
| BOTTOM OF THE 9TH |
|
Pennsylvania State University Nittany Lions batting - Pitching for Washington State University Cougars : RHP Jose Marrero
|
|
Pitching: RHP Taneo Kobayashi
|
|
|
Batting: RHB Matthew Adams
|
0-0: Foul Ball, location: 2F 0-1: Swinging Strike 0-2: Foul Ball, location: 2F 0-2: Strikes out swinging
|
|
Batting: LHB Bob Fair
|
0-0: Ball 1-0: Called Strike 1-1: Foul Ball, location: 2F 1-2: Ball 2-2: Ground out 6-3 (Groundball, 6, EV 81.9 MPH)
|
|
Batting: RHB Allen Gravel
|
0-0: Ball 1-0: Ball 2-0: Ball 3-0: Called Strike 3-1: Base on Balls
|
|
Batting: RHB Fernando Rodriguez
|
0-0: Foul Ball, location: 2F 0-1: Ball 1-1: Ball 2-1: Ball 3-1: Called Strike 3-2: Fly out, F9 (Line Drive, 9D, EV 91.9 MPH)
|
| Bottom of the 9th over - 0 runs, 0 hits, 0 errors, 1 left on base; Washington State University 6 - Pennsylvania State University 2 |
|